 Dungeon Crawl Stone Soup version 0.32-a0-918-g0f22ef8d61 (webtiles) character file.

Game seed: 14608444271736985962

1804 Autsider the Changeling (level 9, -7/62 HPs)
             Began as an Octopode Shapeshifter on Apr 10, 2024.
             Was an Initiate of Wu Jian.
             Splashed by a jelly's acid (9 damage)
             ... on level 6 of the Dungeon.
             The game lasted 00:15:02 (5493 turns).

Autsider the Changeling (Octopode Shapeshifter)     Turns: 5493, Time: 00:15:03

Health: -7/62      AC:  1    Str: 13    XL:     9   Next: 9%
Magic:  9/9        EV: 14    Int: 13    God:    Wu Jian [......]
Gold:   201        SH:  0    Dex: 15    Spells: 8/8 levels left

rFire   + . .        i - +0 whip (venom)
rCold   . . .        (no shield)
rNeg    + . .        (helmet currently unavailable)
rPois   .            (no amulet)
rElec   .            d - ring of positive energy
rCorr   .            u - ring of protection from fire
SInv    .            (no ring)
Will    .....        (no ring)
Stlth   +++          (no ring)
HPRegen 0.30/turn    (no ring)
MPRegen 0.11/turn    (no ring)
                     (no ring)

%: no passive effects
@: beast-form, silenced
A: beast (slay +3), almost no armour, amphibious, 8 rings, camouflage 1,
gelatinous body 1, (nimble swimmer 1), tentacles
a: Begin Untransformation, Renounce Religion


You were on level 6 of the Dungeon.
You worshipped Wu Jian.
Wu Jian was noncommittal.
You were a hulking beast.
You visited 2 branches of the dungeon, and saw 7 of its levels.

You collected 201 gold pieces.

Inventory:

Hand Weapons
 g - a +0 sling
 i - a +0 whip of venom (weapon)
 x - a +2 spear of venom
 F - a +2 dagger of electrocution
Missiles
 e - 5 throwing nets (quivered)
Jewellery
 d - a ring of positive energy (left tentacle)
 u - a ring of protection from fire (right tentacle)
 G - a ring of magical power
Talismans
 b - a beast talisman (active)
 c - a flux talisman
Scrolls
 f - a scroll of fog {unknown}
 j - a scroll of silence
 m - 2 scrolls of fear {unknown}
 o - a scroll of teleportation {unknown}
 s - 2 scrolls of vulnerability
 t - 2 scrolls of enchant weapon {unknown}
 v - a scroll of torment
 y - 3 scrolls of revelation {unknown}
 A - 2 scrolls of identify {@r1}
 B - a scroll of immolation {unknown}
 C - a scroll of brand weapon {unknown}
 D - a scroll of amnesia {unknown}
 E - 2 scrolls of poison {unknown}
Potions
 a - 3 potions of lignification
 h - 2 potions of brilliance {unknown}
 k - 2 potions of degeneration {unknown}
 l - a potion of enlightenment {unknown}
 n - a potion of resistance {unknown}
 p - 5 potions of haste {unknown}
 q - 2 potions of might {unknown}
 r - 2 potions of curing {unknown}
 w - a potion of heal wounds
 z - 3 potions of mutation {unknown}


   Skills:
 + Level 6.0 Fighting
 + Level 5.7 Dodging
 - Level 6.0 Stealth
 - Level 3.0 Unarmed Combat
 + Level 6.9 Shapeshifting


You had 8 spell levels left.
You didn't know any spells.
Your spell library contained the following spells:

 Spells                   Type           Power      Damage    Failure   Level
 Sting                    Conj/Alch      0%         1d3       30%         1
 Cigotuvi's Dreadful Rot  Necr/Alch/Air  0%         N/A       43%         2
 Lesser Beckoning         Tloc           0%         N/A       43%         2
 Dazzling Flash           Conj/Hex       0%         N/A       67%         3
 Maxwell's Portable Pile  Tloc           0%         2d(5-13)  67%         3
 Teleport Other           Tloc           0%         N/A       67%         3


Dungeon Overview and Level Annotations

Branches:
Dungeon (6/15)             Temple (1/1) D:6

Altars:
Ashenzari
Elyvilon
Fedhas
Gozag
Kikubaaqudgha
Makhleb
Nemelex Xobeh
Ru
Sif Muna
Uskayaw
Wu Jian
Yredelemnul
Zin
The Shining One

Shops:
D:4 (

Annotations:
D:3 exclusion: downstairs
D:4 exclusion: sky beast


Innate Abilities, Weirdness & Mutations

You are a hulking beast.
Your limbs bulge with bestial killing power. (Slay +3)
You cannot wear most types of armour.
You are amphibious.
You can wear up to eight rings at the same time.
Your skin changes colour to match your surroundings (Stealth+).
Your rubbery body absorbs attacks. (AC +1, EV +1)
((You are camouflaged when in or above water. (Stealth+)))
You have tentacles for arms and can constrict up to eight enemies at once.


Message History

Your experience leads to an increase in your attributes!
Increase (S)trength, (I)ntelligence, or (D)exterity?
You feel agile. x2
You hit the iguana.
The iguana is poisoned.
You grab the iguana. You squeeze the iguana.
The iguana is heavily wounded.
You constrict the iguana. The iguana bites you!
* * * LOW HITPOINT WARNING * * *
You whack the iguana!
You kill the iguana!
The Council accepts your kill.
You hit the steam dragon.
The steam dragon is poisoned.
The steam dragon is lightly wounded.
The steam dragon completely misses you. The steam dragon claws you.
* * * LOW HITPOINT WARNING * * *
You hit the steam dragon.
The steam dragon looks as sick as possible!
The steam dragon is heavily wounded.
The steam dragon bites you!
* * * LOW HITPOINT WARNING * * *
The steam dragon claws you.
* * * LOW HITPOINT WARNING * * *
The steam dragon closely misses you. x2
You hit the steam dragon.
The steam dragon looks as sick as possible!
The steam dragon is severely wounded.
The steam dragon completely misses you. The steam dragon misses you.
You hit the steam dragon.
The steam dragon looks as sick as possible!
You squeeze the steam dragon.
You kill the steam dragon!
The Council accepts your kill.
Your Fighting skill increases to level 6!
You whack the jelly!
The jelly is poisoned.
Your tentacles burn!
* * * LOW HITPOINT WARNING * * *
The jelly is heavily wounded.
The jelly hits you.
* * * LOW HITPOINT WARNING * * *
You are splashed with acid!
You die...

# ### ..## ...###
######### .....##
#.......# ##....###
###.......###
##.....###.'...>...+.#
##.....†..#.......#.#
###.....##...h...#.#
#..########J####.#
#..## #....##)..#
#..## ##..##..### #..#
#...#.## #..# ##....#
..# #....# ##..D##
###..## ###


You could see a jelly (very poisoned).

Vanquished Creatures
  Sigmund (D:3)
  Eustachio (D:4)
  A steam dragon (D:6)
  A sky beast (D:4)
  2 ogres
  A centaur (D:6)
  A kobold brigand (D:5)
  2 bullfrogs (D:6)
  2 scorpions
  2 bombardier beetles
  2 hounds
  An orc priest (D:5)
  A sleepcap (D:6)
  2 iguanas
  3 orc wizards
  22 gnolls
  11 adders
  2 white imps (D:5)
  4 ribbon worms
  4 dart slugs
  14 orcs
  6 ball pythons
  3 endoplasms
  8 giant cockroaches
  6 goblins
  5 hobgoblins
  4 jackals (D:1)
  13 kobolds
  2 quokkas (D:1)
  7 bats
  4 frilled lizards
  7 rats
145 creatures vanquished.

Notes
Turn   | Place    | Note
-------+----------+-------------------------------------------
     0 | D:1      | Autsider the Octopode Shapeshifter began the quest for the
                  | Orb.
     0 | D:1      | Reached XP level 1. HP: 13/13 MP: 1/1
   110 | D:1      | Reached XP level 2. HP: 7/19 MP: 2/2
   439 | D:1      | Reached XP level 3. HP: 25/25 MP: 3/3
  1000 | D:2      | Reached XP level 4. HP: 25/31 MP: 4/4
  1400 | D:2      | Found a faded altar of an unknown god.
  1816 | D:3      | Noticed Sigmund
  1837 | D:3      | Killed Sigmund
  1838 | D:3      | Reached skill level 5 in Shapeshifting
  1838 | D:3      | Reached skill level 1 in Stealth
  1838 | D:3      | Reached XP level 5. HP: 17/36 MP: 5/5
  1838 | D:3      | Reached XP level 6. HP: 20/42 MP: 6/6
  2611 | D:4      | Reached XP level 7. HP: 44/47 MP: 7/7
  2670 | D:4      | Got the Folio of Glamourous Leucosis
  2684 | D:4      | Found Icanuk's Weapon Shop.
  2773 | D:4      | Noticed Eustachio
  3543 | D:4      | Reached XP level 8. HP: 26/54 MP: 8/8
  3920 | D:5      | Entered Level 5 of the Dungeon
  4297 | D:5      | Found a glowing silver altar of Zin.
  4328 | D:5      | Reached skill level 5 in Stealth
  4914 | D:5      | Reached skill level 5 in Fighting
  5145 | D:4      | Identified the +4 scale mail "Fopheor" {Harm Will- Str+7}
  5166 | D:4      | Killed Eustachio
  5167 | D:4      | Reached skill level 5 in Dodging
  5296 | D:6      | Found a staircase to the Ecumenical Temple.
  5329 | Temple   | Entered the Ecumenical Temple
  5342 | Temple   | Became a worshipper of the Wu Jian Council
  5486 | D:6      | Reached XP level 9. HP: 28/62 MP: 9/9
  5489 | D:6      | HP: 3/62 [steam dragon (2)]
  5493 | D:6      | Splashed by a jelly's acid

Illustrated notes

Levels and vault maps discovered:
D:1:      orjb1_lava_funnel, layout_loops_ring, minmay_tiny_reverse_x
D:2:      layout_basic, hellmonk_ecumenical_altar_prayer_group
D:3:      layout_loops_ring, serial_bayou_pond_b, minmay_parallelograms,
          uniq_sigmund
D:4:      layout_cave_pools, serial_shops, nicolae_shop_bloodbath_and_beyond,
          minivault_1, dreamdust_princess_corridor, minmay_between,
          uniq_eustachio
D:5:      layout_rooms, zin_academy, lexackson_kobold_supper
D:6:      layout_cave_pods, grunt_temple_overflow_open, temple_green
Temple:   nicolae_temple_ecumenical_triangle

Skill      XL: |  1  2  3  4  5  6  7  8  9 |
---------------+----------------------------+-----
Fighting       | 2 3 4 5 6 |  6.0
Shapeshifting  | 5 6 |  6.9
Stealth        | 1 2 4 6 |  6.0
Dodging        | 3 5 |  5.7
Unarmed Combat | |  3.0

Action                     |  1- 3 |  4- 6 |  7- 9 || total
---------------------------+-------+-------+-------++-------
  Melee: Whip              |    50 |    76 |   138 ||   264
         Constrict         |    13 |    29 |    49 ||    91
         Tentacles         |     8 |    24 |    36 ||    68
         Unarmed           |     1 |       |       ||     1
    Use: Scroll            |       |       |     4 ||     4
         Potion            |       |       |     2 ||     2
   Stab: Sleeping          |     8 |     6 |     6 ||    20
         Distracted        |       |       |     1 ||     1
 Armour: Skin              |    21 |    29 |    86 ||   136
  Dodge: Dodged            |    33 |    36 |    98 ||   167

Table legend: (Time is in decaauts)
 A = Elapsed time spent in this place.
 B = Non-inter-level travel time spent in this place.
 C = Inter-level travel time spent in this place.
 D = Time resting spent in this place.
 E = Time spent auto-exploring this place.
 F = Levels seen in this place.
 G = Mean time per level.
                   A        B        C        D        E       F      G
               +--------+--------+--------+--------+--------+-----+--------+
         Total |   5518 |   5285 |    233 |   1161 |   3034 |   7 |  788.3 |
       Dungeon |   5492 |   5284 |    208 |   1161 |   3034 |   6 |  915.3 |
        Temple |     26 |      1 |     25 |      0 |      0 |   1 |   26.0 |
               +--------+--------+--------+--------+--------+-----+--------+

Top non-repeatable levels by time:
     D:4: 1372 daAuts
     D:5: 1194 daAuts
     D:3: 1067 daAuts
     D:2: 915 daAuts
     D:1: 732 daAuts
     D:6: 210 daAuts
  Temple: 26 daAuts
